 Dungeon Crawl Stone Soup version 0.27.1-33-g824d729ab1 (webtiles) character file.

Game seed: 164664329337885951

23791 belegose the Covert (level 13, -18/84 HPs)
             Began as a Kobold Brigand on Dec 7, 2021.
             Was the Champion of Wu Jian.
             Demolished by Saint Roka (30 damage)
             ... on level 2 of the Orcish Mines.
             The game lasted 01:06:55 (18909 turns).

belegose the Covert (Kobold Brigand)               Turns: 18909, Time: 01:06:56

Health: -18/84     AC:  7    Str: 12    XL:     13   Next: 37%
Magic:  12/17      EV: 26    Int: 14    God:    Wu Jian [******]
Gold:   1119       SH:  0    Dex: 22    Spells: 14/17 levels left

rFire    . . .     SeeInvis .   C - +3 dagger (drain)
rCold    . . .     Faith    .   (shield restricted)
rNeg     . . .     Spirit   .   N - +0 troll leather armour
rPois    .         Reflect  .   (helmet restricted)
rElec    .         Harm     .   c - +0 cloak
rCorr    .         Rampage  .   f - +0 pair of gloves
Will     .....     Clarity  +   z - +0 pair of boots
Stlth    ++++++....             p - amulet of the acrobat
HPRegen  1.24/turn              u - +6 ring of dexterity
MPRegen  0.15/turn              G - +4 ring of evasion

@: mighty
A: small, no large weapons, nightstalker 3, horns 1, clarity, no potion heal 1,
MP-powered wands
a: Renounce Religion, Wall Jump, Serpent's Lash, Heavenly Storm


You were on level 2 of the Orcish Mines.
You worshipped Wu Jian.
Wu Jian was exalted by your worship.
You visited 3 branches of the dungeon, and saw 14 of its levels.
You also visited: Sewer.

You collected 1449 gold pieces.
You spent 330 gold pieces at shops.

Inventory:

Hand Weapons
 a - a +3 rapier of venom
 b - a +0 hunting sling
 C - a +3 dagger of draining (weapon)
 L - the +5 quarterstaff of Urennech {vorpal, Stlth+}
   (You found it on level 6 of the Dungeon)

   It inflicts extra damage upon your enemies.
   Stlth:     It makes you more stealthy.
Missiles
 d - 28 poisoned darts
 e - 6 curare-tipped darts (quivered)
 i - 310 stones
 m - 112 sling bullets
 J - 7 throwing nets
 P - 12 boomerangs
Armour
 c - a +0 cloak (worn)
 f - a +0 pair of gloves (worn)
 z - a +0 pair of boots (worn)
 E - a +1 scale mail of fire resistance
 N - a +0 troll leather armour (worn)
Magical Staves
 T - a staff of air
Jewellery
 p - an amulet of the acrobat (around neck)
 u - a +6 ring of dexterity (left hand)
 F - a ring of see invisible
 G - a +4 ring of evasion (right hand)
Wands
 y - a wand of flame (24)
 I - a wand of mindburst (10)
 K - a wand of acid (4)
 R - a wand of iceblast (3)
Scrolls
 g - 3 scrolls of enchant armour
 j - 8 scrolls of magic mapping
 o - a scroll of summoning
 r - 9 scrolls of teleportation
 x - a scroll of fear
 B - 4 scrolls of fog
 M - a scroll of blinking
 O - a scroll of brand weapon {unknown}
 Q - a scroll of amnesia {unknown}
 S - a scroll of identify
Potions
 h - a potion of lignification
 l - 10 potions of curing
 n - 3 potions of heal wounds
 s - 3 potions of flight
 t - 4 potions of attraction
 v - a potion of haste
 A - 3 potions of resistance
 H - 3 potions of brilliance
Miscellaneous
 k - a piece from Xom's chessboard (13/15)
 w - a phial of floods (inert)


   Skills:
 - Level 11.1 Fighting
 - Level 10.0 Short Blades
 - Level 10.0 Throwing
 - Level 3.0 Armour
 + Level 9.6 Dodging
 - Level 13.0 Stealth
 + Level 2.9 Spellcasting
 + Level 3.1 Hexes
 - Level 10.0 Evocations


You had 14 spell levels left.
You knew the following spells:

 Your Spells              Type           Power      Damage    Failure   Level
a - Confusing Touch       Hex            10%        N/A       22%         3

Your spell library contained the following spells:

 Spells                   Type           Power      Damage    Failure   Level
 Slow                     Hex            10%        N/A       12%         2
 Magic Dart               Conj           8%         1d3       28%         1
 Pain                     Necr           8%         1d4       28%         1
 Corpse Rot               Necr/Air       N/A        N/A       38%         2
 Searing Ray              Conj           4%         3d3       38%         2
 Sublimation of Blood     Necr           1%         N/A       38%         2
 Wereblood                Tmut           2%         N/A       38%         2
 Inner Flame              Hex/Fire       6%         N/A       41%         3
 Cause Fear               Hex            5%         N/A       58%         4
 Conjure Flame            Conj/Fire      2%         6-21      63%         3
 Ignite Poison            Fire/Tmut/Pois 2%         N/A       63%         3
 Vampiric Draining        Necr           1%         2d6       63%         3
 Fulminant Prism          Conj/Hex       3%         3d6       82%         4
 Dispel Undead            Necr           2%         3d7       95%         4
 Sticky Flame             Conj/Fire      2%         2d3       95%         4
 Yara's Violent Unravell  Hex/Tmut       3%         3d4       99%         5
 Agony                    Necr           2%         N/A       100%        5
 Excruciating Wounds      Necr           1%         N/A       100%        5
 Death Channel            Necr           1%         N/A       100%        6
 Summon Hydra             Summ           1%         N/A       100%        7
 Discord                  Hex            5%         N/A       100%        8


Dungeon Overview and Level Annotations

Branches:
Dungeon (11/15)            Temple (1/1) D:4            Lair (0/6) D:11
    Orc (2/2) D:10            Elf (0/3) Orc:2         Sewer (visited)

Altars:
Ashenzari
Cheibriados
Dithmenos
Elyvilon
Fedhas
Gozag
Hepliaklqana
Kikubaaqudgha
Makhleb
Nemelex Xobeh
Okawaru
Qazlal
Ru
Sif Muna
Trog
Uskayaw
Vehumet
Wu Jian
Xom
Yredelemnul
Zin
The Shining One
Beogh

Shops:
D:9 =   D:10 (

Annotations:
D:8 4 runed translucent doors, exclusion: 4 doors
D:11 exclusions: door and oklob plant
Orc:2 Saint Roka


Innate Abilities, Weirdness & Mutations

You are small and have problems with some larger weapons.
You are completely attuned to the shadows.
You have a pair of small horns on your head.
You possess an exceptional clarity of mind.
Potions are less effective at restoring your health.
You expend magic power (3 MP) to strengthen your wands.


Message History

You puncture Saint Roka!
Saint Roka is moderately wounded.
Saint Roka completely misses you.
You completely miss Saint Roka.
Saint Roka is moderately wounded.
Saint Roka hits you with a +0 war axe.
You hit Saint Roka but do no damage.
Saint Roka is moderately wounded.
You hit Saint Roka.
Saint Roka is poisoned.
Saint Roka is moderately wounded.
Saint Roka calls down the wrath of Beogh upon you.
Beogh smites you!
Your +3 rapier of venom stops dripping with poison.
You sense an unholy aura.
C - a +3 dagger of draining (weapon)
You closely miss Saint Roka. You headbutt Saint Roka.
Saint Roka is moderately wounded.
Saint Roka invokes the aid of Beogh against you.
Beogh smites you!
You closely miss Saint Roka.
Saint Roka is moderately wounded.
Aiming: Corrosive Bolt
Press: ? - help, Shift-Dir - straight line, f/p - Saint Roka
Aim: Saint Roka, wielding a +0 war axe and wearing a +0 plate armour (moderately wounded, very poisoned, 85% to hit)
You feel a surge of power!
The bolt of acid hits Saint Roka!!
Saint Roka is splashed with acid.
The acid corrodes Saint Roka!
Saint Roka is heavily wounded.
Saint Roka hits you with a +0 war axe!!
* * * LOW HITPOINT WARNING * * *
Unknown command.
Unknown command.
Aim the phial where?
Press: ? - help, Shift-Dir - straight line, f/p - Saint Roka
Aim: Saint Roka, wielding a +0 war axe and wearing a +0 plate armour (heavily wounded, very poisoned, covered in acid)
The torrent of water hits Saint Roka!
Saint Roka is heavily wounded.
The wave splashes down.
Saint Roka is engulfed in water.
You hear a shout! x3
Saint Roka hits you with a +0 war axe!!
You die...

.............#.....###.8888.888..
....................#............
.).....#.........................
............{...##..#............
.................#####.#.........
.......o.#.#..≈≈≈≈#.#####........
.>.......##....)[≈)..###.........
..............##o##...#.#........
..........)...#≈@≈#.......#......
#..##..##..[.###≈###..#..........
........##.).# ### #####.........
......)..#...# ### ##........
...........## ##.###.........
≈≈......#).# #....#.........
≈≈≈.....#..# ##.............
.........o.# ###...))#.....
...........# ##..)###....


You could see Saint Roka (very poisoned, corroded, waterlogged).

Vanquished Creatures
  An ettin (Orc:1)
  Harold (Orc:1)
  2 centaur warriors
  3 two-headed ogres
  Urug (D:10)
  Sonja (Orc:1)
  A large abomination (D:11)
  Nergalle (D:10)
  A wizard (D:11)
  2 orc knights (Orc:2)
  2 orc sorcerers
  A manticore (D:10)
  An unseen horror (D:11)
  5 trolls
  3 hornets
  5 slime creatures
  A vampire (D:10)
  A wraith (D:9)
  6 yaks
  A wyvern (D:11)
  A vampire mosquito (D:8)
  A water moccasin (D:7)
  Duvessa (D:5)
  2 black bears (D:6)
  An ice beast (D:8)
  2 sky beasts
  28 orc warriors
  6 ogres
  A necrophage (D:6)
  18 centaurs
  3 kobold brigands
  Blork the orc (D:6)
  10 bullfrogs
  A gnoll sergeant (D:11)
  6 scorpions
  A water moccasin zombie (D:6)
  Dowan (D:5)
  A wyvern skeleton (D:5)
  9 killer bees
  4 wights
  2 howler monkeys
  A bullfrog zombie (D:5)
  6 centaur zombies
  A jelly (D:6)
  A hound (D:6)
  12 orc priests
  4 gnoll shamans
  A centaur skeleton (D:6)
  4 iguanas
  18 orc wizards
  A hound skeleton (D:4)
  A howler monkey zombie (D:6)
  20 gnolls
  14 adders
  A shadow imp (D:8)
  An ufetubus (D:7)
  An adder skeleton (D:4)
  6 worms
  2 dart slugs
  80 orcs
  18 endoplasms
  18 giant cockroaches
  3 goblins
  8 hobgoblins
  9 jackals
  6 kobolds
  14 quokkas
  17 ball pythons
  8 bats
  12 frilled lizards
  15 rats
443 creatures vanquished.

Vanquished Creatures (others)
  2 plants
2 creatures vanquished.

Grand Total: 445 creatures vanquished

Notes
Turn   | Place    | Note
-------+----------+-------------------------------------------
     0 | D:1      | belegose the Kobold Brigand began the quest for the Orb.
     0 | D:1      | Reached XP level 1. HP: 12/12 MP: 1/1
   109 | D:1      | Reached XP level 2. HP: 18/18 MP: 2/2
   228 | D:1      | Found a faded altar of an unknown god.
   470 | D:1      | Reached XP level 3. HP: 10/22 MP: 3/3
  1449 | D:2      | Gained mutation: You expend magic power (3 MP) to
                  | strengthen your wands. [potion of mutation]
  1449 | D:2      | Gained mutation: You possess an exceptional clarity of
                  | mind. [potion of mutation]
  1449 | D:2      | Gained mutation: Potions are less effective at restoring
                  | your health. [potion of mutation]
  1449 | D:2      | Gained mutation: You have a pair of small horns on your
                  | head. [potion of mutation]
  1456 | D:2      | Reached XP level 4. HP: 4/27 MP: 4/4
  2486 | D:3      | Reached skill level 6 in Stealth
  2610 | D:3      | Reached XP level 5. HP: 32/32 MP: 5/5
  2802 | D:3      | Found a blossoming altar of Fedhas.
  3442 | D:4      | Found a staircase to the Ecumenical Temple.
  3449 | Temple   | Entered the Ecumenical Temple
  3781 | Temple   | Became a worshipper of the Wu Jian Council
  3812 | D:4      | Reached XP level 6. HP: 37/37 MP: 6/6
  3864 | D:4      | Noticed a hornet
  3874 | D:4      | Killed a hornet
  3875 | D:4      | Reached XP level 7. HP: 38/43 MP: 7/7
  3953 | D:3      | Reached skill level 7 in Stealth
  4447 | D:5      | Entered Level 5 of the Dungeon
  4595 | D:5      | Reached skill level 5 in Short Blades
  4745 | D:5      | Reached * piety under Wu Jian
  4829 | D:5      | Found a glowing drain.
  4839 | Sewer    | Entered a sewer
  5189 | Sewer    | Reached ** piety under Wu Jian
  5553 | Sewer    | Reached XP level 8. HP: 30/48 MP: 8/8
  6255 | D:5      | Reached *** piety under Wu Jian
  6421 | D:5      | Reached skill level 5 in Throwing
  6421 | D:5      | Reached skill level 8 in Stealth
  6444 | D:5      | Reached skill level 5 in Dodging
  6462 | D:5      | Reached skill level 5 in Fighting
  6766 | D:5      | Noticed Duvessa
  6767 | D:5      | Noticed Dowan
  6769 | D:5      | Killed Duvessa
  6779 | D:5      | Killed Dowan
  7530 | D:6      | Reached XP level 9. HP: 54/54 MP: 9/9
  7818 | D:6      | Reached skill level 9 in Stealth
  7843 | D:6      | Noticed Blork the orc
  7846 | D:6      | Killed Blork the orc
  8001 | D:6      | Reached skill level 1 in Evocations
  8102 | D:6      | Reached **** piety under Wu Jian
  8187 | D:6      | Identified the +5 quarterstaff of Urennech {vorpal, Stlth+}
  8766 | D:7      | Reached XP level 10. HP: 52/61 MP: 10/10
  9672 | D:7      | Reached skill level 10 in Stealth
 11217 | D:8      | Found a large runed translucent door.
 11217 | D:8      | Found a large runed translucent door.
 11220 | D:8      | Noticed a green ugly thing
 11229 | D:8      | Noticed a harpy
 11230 | D:8      | Found a large runed translucent door.
 11305 | D:8      | Found a large runed translucent door.
 11734 | D:8      | Noticed a centaur warrior
 11739 | D:8      | Killed a centaur warrior
 11740 | D:8      | Reached skill level 5 in Evocations
 11740 | D:8      | Reached XP level 11. HP: 68/68 MP: 11/11
 12215 | D:9      | Reached skill level 11 in Stealth
 12686 | D:9      | Found Mathrirpho's Jewellery Shop.
 12691 | D:9      | Bought an amulet of the acrobat for 330 gold pieces
 13362 | D:10     | Entered Level 10 of the Dungeon
 13362 | D:10     | Noticed a two-headed ogre
 13583 | D:9      | Found Mathrirpho's Jewellery Shop.
 13650 | D:9      | Killed a two-headed ogre
 13729 | D:10     | Noticed Urug
 13730 | D:10     | Killed Urug
 13731 | D:10     | Reached skill level 10 in Short Blades
 13882 | D:10     | Found a staircase to the Orcish Mines.
 13994 | D:10     | Noticed Nergalle
 13997 | D:10     | Killed Nergalle
 14123 | D:10     | Noticed a two-headed ogre
 14202 | D:10     | Found Jehad's Weapon Boutique.
 14342 | D:10     | Killed a two-headed ogre
 14593 | D:10     | Reached ***** piety under Wu Jian
 14608 | D:10     | Reached skill level 12 in Stealth
 14672 | D:10     | Reached XP level 12. HP: 64/75 MP: 12/12
 15465 | D:11     | Found a staircase to the Lair.
 15475 | D:11     | Reached skill level 1 in Armour
 15926 | D:11     | Noticed a two-headed ogre
 15928 | D:11     | Killed a two-headed ogre
 15934 | D:11     | Noticed a large abomination
 15934 | D:11     | Noticed a large abomination
 16072 | D:11     | Killed a large abomination
 16445 | D:11     | Learned a level 3 spell: Confusing Touch
 16880 | Orc:1    | Entered Level 1 of the Orcish Mines
 16880 | Orc:1    | Noticed Harold
 16884 | Orc:1    | Noticed Sonja
 16886 | Orc:1    | Killed Sonja
 16889 | Orc:1    | Killed Harold
 16890 | Orc:1    | Reached skill level 13 in Stealth
 17119 | Orc:1    | Reached skill level 10 in Throwing
 17134 | Orc:1    | Reached skill level 10 in Fighting
 17547 | Orc:2    | Entered Level 2 of the Orcish Mines
 17878 | Orc:2    | Reached XP level 13. HP: 72/83 MP: 13/13
 17879 | Orc:2    | Noticed a centaur warrior
 17890 | Orc:2    | Killed a centaur warrior
 18064 | Orc:2    | Reached ****** piety under Wu Jian
 18080 | Orc:2    | Found a staircase to the Elven Halls.
 18171 | Orc:2    | Noticed Saint Roka
 18212 | Orc:2    | Reached skill level 1 in Spellcasting
 18212 | Orc:2    | Reached skill level 1 in Hexes
 18427 | Orc:2    | Reached skill level 10 in Evocations
 18543 | Orc:2    | Noticed an ettin
 18861 | Orc:1    | Killed an ettin
 18909 | Orc:2    | Demolished by Saint Roka

Illustrated notes

Levels and vault maps discovered:
D:1:      eino_arrival_druids_welcome, layout_basic,
          hellmonk_ecumenical_altar_prayer_group, minmay_liquid_box
D:2:      layout_basic, grunt_decor_cap, minmay_rat_gold_closets
D:3:      layout_basic, fedhas_altar_fruit_tree, dk_noncrumbling_2
D:4:      layout_rooms, minmay_temple_entry_overgrown, guppyfry_early_lair_pool
D:5:      layout_basic, cheibrodos_sewer_entry_bend, uniq_duvessa
D:6:      minmay_angry_zag, layout_basic, uniq_blork_the_orc
D:7:      layout_basic
D:8:      layout_loops_cross, minmay_hollow_rounded_squares
D:9:      layout_loops_ring, serial_shops, shop
D:10:     layout_roguey, david_orc_3, special_room [special_room_orc],
          serial_shops, shop, uniq_nergalle, uniq_urug
D:11:     layout_basic, dpeg_oklobed_lair, minmay_misc_feat_ornament, laboratory
Temple:   nicolae_temple_the_god_donut
Orc:1:    layout_caves, mines4_lemuel, uniq_harold, uniq_sonja
Orc:2:    st_orc_rangers, layout_caves, serial_shops, nicolae_square_shop,
          basic_altar, hellmonk_bongcloud_opening, uniq_saint_roka

Skill      XL: |  1  2  3  4  5  6  7  8  9 10 11 12 13 |
---------------+----------------------------------------+-----
Short Blades   | 3 4 5 6 8 9 10 | 10.0
Dodging        | 2 3 4 5 6 8 9 |  9.6
Fighting       | 3 4 5 6 7 8 10 11 | 11.1
Stealth        | 6 7 8 9 10 12 13 | 13.0
Throwing       | 3 4 5 6 7 8 10 | 10.0
Evocations     | 2 5 6 9 10 | 10.0
Armour         | 3 |  3.0
Spellcasting   | 2 |  2.9
Hexes          | 3 |  3.1

Action                   |  1- 3 |  4- 6 |  7- 9 | 10-12 | 13-15 || total
-------------------------+-------+-------+-------+-------+-------++-------
Melee: Dagger            |    90 |   112 |   414 |   142 |    11 ||   769
       Headbutt          |       |    18 |    81 |   159 |    46 ||   304
       Falchion          |       |       |    19 |       |       ||    19
       Quarterstaff      |       |       |       |    81 |       ||    81
       Rapier            |       |       |       |   447 |   183 ||   630
 Fire: Hunting sling     |    16 |       |       |       |       ||    16
Throw: Dart              |    11 |     4 |    12 |    18 |     6 ||    51
       Boomerang         |       |       |       |     4 |       ||     4
Invok: Lunge             |       |     1 |    51 |    62 |    16 ||   130
       Whirlwind         |       |       |    14 |    80 |    20 ||   114
Evoke: Wand              |       |       |     2 |    10 |     4 ||    16
       Phial of floods   |       |       |       |     1 |     1 ||     2
       Piece from Xom's  |       |       |       |       |     2 ||     2
  Use: Potion            |     2 |       |       |       |     1 ||     3
       Scroll            |       |       |       |    15 |       ||    15
 Stab: Sleeping          |    11 |    26 |    45 |    41 |     2 ||   125
       Distracted        |       |       |     6 |     1 |     3 ||    10
Armor: Robe              |    15 |    10 |    51 |    35 |       ||   111
       Troll leather arm |       |       |       |    30 |    12 ||    42
Dodge: Dodged            |    50 |    67 |   262 |   490 |   157 ||  1026
       Rpst.: Falchion   |       |       |     5 |       |       ||     5
